Cogmind - Beta 15 @@@ ROGUE MODE // 2025.10.09 @ 16:37:38 Player: Galactipunk Result: Destroyed by Y-45 Defender with Beam Rifle Performance ------------- Evolutions (1) 500 Regions Visited (3) 600 Robots Destroyed (11) 55 Value Destroyed (180) 180 Prototype IDs (0) 0 Alien Tech Used (0) 0 Bonus (0) 0 TOTAL SCORE: 1335 Bonus ------- None Cogmind --------- Core Integrity 0/400 Matter 206/300 Energy 282/350 System Corruption 0% Temperature Warm (149) Movement Walking (120) Location -9/Materials Parts ------- > --- POWER (2) -------- (None) > --- PROPULSION (2) --- Aluminum Leg Aluminum Leg > --- UTILITY (3) ------ High-capacity Battery Light Armor Plating > --- WEAPON (2) ------- (None) > --- INVENTORY (5) ---- (None) Peak State ------------ > --- POWER ------------ Light Ion Engine Light Ion Engine > --- PROPULSION ------- Wheel Wheel > --- UTILITY ---------- High-capacity Battery Light Armor Plating > --- WEAPON ----------- Beam Cannon Beam Cannon > --- INVENTORY -------- Aluminum Leg Aluminum Leg Medium Laser Rocket Launcher [Rating: 8] Favorites ----------- Power Light Ion Engine Engine Light Ion Engine Propulsion Wheel Leg Aluminum Leg Wheel Wheel Utility Light Armor Plating Storage High-capacity Battery Processor Targeting Computer Protection Light Armor Plating Weapon Beam Cannon Energy Gun Medium Laser Energy Cannon Beam Cannon Ballistic Gun Assault Rifle Launcher Rocket Launcher Build | -11 -10 -10 -9 ------- Run | Yrd Mat Min Mat Slots Evolved 2 | . . . 2 Power 1 | . . . 1 Propulsion . | . . . . Utility 1 | . . . 1 Weapon . | . . . . Parts Attached 16 | 5 6 . 5 Power 2 | 1 . . 1 Engine 2 | 1 . . 1 Core . | . . . . Reactor . | . . . . Propulsion 4 | 2 . . 2 Treads . | . . . . Leg 2 | . . . 2 Wheel 2 | 2 . . . Hover . | . . . . Flight . | . . . . Utility 4 | . 3 . 1 Device . | . . . . Storage 1 | . 1 . . Processor 1 | . 1 . . Hackware . | . . . . Protection 2 | . 1 . 1 Artifact . | . . . . Weapon 6 | 2 3 . 1 Energy Gun 1 | 1 . . . Energy Cannon 3 | . 3 . . Ballistic Gun 1 | 1 . . . Ballistic Cannon . | . . . . Launcher 1 | . . . 1 Special Weapon . | . . . . Impact Weapon . | . . . . Slashing Weapon . | . . . . Piercing Weapon . | . . . . Special Melee Weapon . | . . . . Unidentified Prototypes . | . . . . Parts Lost 8 | . . . 8 Power 2 | . . . 2 Propulsion 2 | . . . 2 Utility 1 | . . . 1 Weapon 3 | . . . 3 Highest Loss Streak 8 | . . . 8 To Critical Strikes . | . . . . Average Backups 3 | 2 4 4 3 Power . | . 1 1 . Propulsion 1 | 1 2 2 1 Utility . | . . . . Weapon 1 | . 1 1 1 Tool/Special . | . . . . Unused Backups 1 | . 1 . . Power . | . . . . Propulsion . | . . . . Utility . | . . . . Weapon 1 | . 1 . . Tool/Special . | . . . . Average Slot Usage (%) 89 | . 94 100 66 Engine 14 | . 14 14 14 Wheel 24 | . 28 28 12 Storage 9 | . 4 14 11 Processor 2 | . 6 . . Protection 11 | . 12 14 7 Energy Gun 2 | . 5 . . Energy Cannon 17 | . 11 28 14 Ballistic Gun 5 | . 10 . . Peak Build Rating 8 | 5 7 7 8 Average Rating 6 | 3 6 7 6 On Entrance 4 | . 5 7 7 Naked Turns . | . . . . Heaviest Build 20 | 7 16 16 20 Greatest Support 20 | 20 20 20 20 Greatest Overweight (x) 1 | . . . 1 Average Overweight (x) . | . . . . Largest Inventory Capacity 5 | 5 5 5 5 Average Capacity 5 | 5 5 5 5 Most Carried 5 | 4 5 5 4 Average Carried 3 | 2 4 4 3 Final Capacity 5 | 5 5 5 5 Final Carried 5 | 4 4 5 . Class Distribution -------------------- 100% | Mutant Dominant Class ---------------- Mutant | -10/Materials Mutant | -10/Mines Mutant | -9/Materials Resources | -11 -10 -10 -9 ----------- Run | Yrd Mat Min Mat Matter Collected 320 | 221 68 . 31 Remotely . | . . . . Salvage Created 165 | . 85 . 80 Parts 20 | . 11 . 9 Haulers Intercepted . | . . . . Recyclers Shooed 2 | . 1 . 1 Parts Field Recycled . | . . . . Retrieved Matter . | . . . . Parts Self-Destructed . | . . . . Prevented . | . . . . Kills | -11 -10 -10 -9 ------- Run | Yrd Mat Min Mat Combat Hostiles Destroyed 9 | . 3 . 6 Guns 4 | . 3 . 1 AOE 5 | . . . 5 Classes Destroyed 3 | . 2 . 1 Watcher 2 | . 2 . . Swarmer 7 | . 3 . 4 Grunt 2 | . . . 2 Best Kill Streak 6 | . 3 . 6 Combat Bots Only 6 | . 3 . 6 Max Kills in Single Turn 4 | . 1 . 4 Gunslinging . | . . . . Exploded 4 | . . . 4 Melee . | . . . . Uniques/NPCs Destroyed . | . . . . Combat | -11 -10 -10 -9 -------- Run | Yrd Mat Min Mat Hostile Shots Fired 99 | . 22 . 77 Missed 25 | . 8 . 17 Hits 74 | . 14 . 60 Projectile 74 | . 14 . 60 Critical Strikes 2 | . . . 2 Damage Taken 1063 | . 112 8 943 Core 416 | . 16 . 400 Absorbed by Shields . | . . . . Core Remaining (%) 96 | 100 . 93 . Volleys Fired 30 | . 11 . 19 Largest 2 | . 2 . 2 Hottest 120 | . 120 . 120 Shots Fired 55 | . 22 . 33 Gun 16 | . 12 . 4 Cannon 34 | . 10 . 24 Launcher 5 | . . . 5 Special . | . . . . Kinetic 10 | . 10 . . Thermal 40 | . 12 . 28 Explosive 5 | . . . 5 Electromagnetic . | . . . . Robot Hit Streak 9 | . 2 . 9 Robot Miss Streak 8 | . 4 . 8 Penetration Max . | . . . . Secondary Targets . | . . . . Shots Hit Robots 27 | . 8 . 19 Core Hits 14 | . 5 . 9 Critical Kills . | . . . . Critical Parts Destroyed . | . . . . Critical Strikes 1 | . . . 1 Burn 1 | . . . 1 Melee Attacks . | . . . . Impact . | . . . . Slashing . | . . . . Piercing . | . . . . Sneak Attacks . | . . . . Combat Hostiles . | . . . . Follow-up Attacks . | . . . . Damage Inflicted 1004 | . 145 18 841 Guns 115 | . 76 . 39 Cannons 328 | . 69 . 259 Explosions 543 | . . . 543 Melee . | . . . . Ramming 18 | . . 18 . Kinetic 64 | . 64 . . Thermal 379 | . 81 . 298 Explosive 543 | . . . 543 Electromagnetic . | . . . . Impact . | . . . . Slashing . | . . . . Piercing . | . . . . Highest Corruption . | . . . . Average Corruption . | . . . . Corruption Purged . | . . . . Corruption Blocked . | . . . . Overload Shots . | . . . . Overflow Damage 42 | . . . 42 Projectiles . | . . . . Explosions 42 | . . . 42 Melee . | . . . . Knockbacks . | . . . . Impact . | . . . . Kinetic . | . . . . Secondary . | . . . . Self-Inflicted Damage 81 | . . 8 73 Shots 2 | . . . 2 Rammed 3 | . . 3 . Targets Rammed 3 | . . 3 . Kicked . | . . . . Crushed . | . . . . Highest Temperature 620 | . 216 . 620 Average Temperature 250 | . 84 . 336 Received Heat Transfer 393 | . . . 393 Effects 10 | . 3 . 7 Shutdowns 2 | . . . 2 Interference 5 | . 3 . 2 Short Circuit 1 | . . . 1 Damage (minor) 1 | . . . 1 Damage (core) 1 | . . . 1 Siege Activations . | . . . . Martial Activations . | . . . . Shielding Activations . | . . . . Robots Disrupted . | . . . . Combat Hostiles . | . . . . Robots Corrupted . | . . . . Combat Hostiles . | . . . . Parts Fried . | . . . . Impact Corruptions . | . . . . Robots Melted . | . . . . Combat Hostiles . | . . . . Parts Melted 1 | . . . 1 Heat Transferred 925 | . 185 . 740 Parts Sabotaged . | . . . . Parts Stolen . | . . . . Parts Stripped . | . . . . Power Chain Reactions . | . . . . Alert | -11 -10 -10 -9 ------- Run | Yrd Mat Min Mat Maximum Alert Level . | . . . . Low Security (%) 100 | 100 100 100 100 Level 1 . | . . . . Level 2 . | . . . . Level 3 . | . . . . Level 4 . | . . . . Level 5 . | . . . . High Security . | . . . . Max Security . | . . . . Peak Influence 122 | . 85 13 122 Initial 13 | . . 13 . Average 21 | . 27 2 44 Influence Increases 302 | . 105 . 197 Destroy 0b10 Robot/C 180 | . 60 . 120 Destroy 0b10 Robot/NC 10 | . 10 . . Destroy Leader 24 | . 14 . 10 Successful Hack 5 | . 5 . . Disable Machine 15 | . . . 15 Destroy Structure 38 | . 1 . 37 Lose Combat Pursuer 30 | . 15 . 15 Influence Decreases 210 | . 70 35 105 Entered New Map 22 | . . 22 . Time Decay 113 | . 70 13 30 Lost Part 75 | . . . 75 Squads Dispatched 1 | . . . 1 Investigation . | . . . . Extermination . | . . . . Reinforcement 1 | . . . 1 Assault . | . . . . Garrison . | . . . . Intercept . | . . . . Searches Triggered . | . . . . Construction Impeded 1 | . . . 1 Haulers Reinforced . | . . . . Active Scanning Responses . | . . . . Cargo Convoy Interrupts . | . . . . Stealth | -11 -10 -10 -9 --------- Run | Yrd Mat Min Mat Distress Signals 3 | . 1 1 1 Communications Jammed . | . . . . Distress Signals . | . . . . Times Spotted 19 | . 6 . 13 Peak Tracking Total 9 | . 3 . 9 Tactical Retreats 2 | . 1 . 1 Traps | -11 -10 -10 -9 ------- Run | Yrd Mat Min Mat Traps Triggered . | . . . . Indirectly . | . . . . Trap Hack Attempts . | . . . . Triggered . | . . . . Disarmed . | . . . . Reprogrammed . | . . . . Reused . | . . . . Traps Extracted . | . . . . Installed . | . . . . Triggered . | . . . . Machines | -11 -10 -10 -9 ---------- Run | Yrd Mat Min Mat Machines Disabled 1 | . . . 1 Max in Single Turn 1 | . . . 1 Machines Repaired . | . . . . Machines Dismantled . | . . . . Machines Sabotaged . | . . . . Overloaded Fab Kills . | . . . . Hacking | -11 -10 -10 -9 --------- Run | Yrd Mat Min Mat Machines Accessed 2 | . 2 . . Terminals 1 | . 1 . . Fabricators . | . . . . Repair Stations . | . . . . Recycling Units 1 | . 1 . . Scanalyzers . | . . . . Garrison Access . | . . . . Total Hacks 6 | . 6 . . Successful 4 | . 4 . . Failed 2 | . 2 . . Catastrophic . | . . . . Database Lockouts . | . . . . Manual . | . . . . Terminals 2 | . 2 . . Fabricators . | . . . . Repair Stations . | . . . . Recycling Units 4 | . 4 . . Scanalyzers . | . . . . Garrison Access . | . . . . Terminal Hacks 1 | . 1 . . Investigation Status 1 | . 1 . . Fabricator Hacks . | . . . . Repair Station Hacks . | . . . . Recycling Unit Hacks 3 | . 3 . . Process 1 | . 1 . . Report Inventory 1 | . 1 . . Retrieve Matter 1 | . 1 . . Scanalyzer . | . . . . Garrison Access Hacks . | . . . . Unauthorized Hacks . | . . . . Terminals . | . . . . Fabricators . | . . . . Repair Stations . | . . . . Recycling Units . | . . . . Scanalyzers . | . . . . Garrison Access . | . . . . Data Cores Recovered . | . . . . Used . | . . . . Hacking Detections 2 | . 2 . . Full Trace Events . | . . . . Feedback Events . | . . . . Feedback Blocked . | . . . . Robot Schematics Acquired . | . . . . Robots Built . | . . . . Authchips . | . . . . Time . | . . . . Total Robot Build Rating . | . . . . Part Schematics Acquired . | . . . . Parts Built . | . . . . Authchips . | . . . . Time . | . . . . Total Part Build Rating . | . . . . Parts Repaired . | . . . . Time . | . . . . Parts Recycled . | . . . . Recycled Matter 21 | . 21 . . Retrieved Matter . | . . . . Retrieved Components . | . . . . Parts Scanalyzed . | . . . . Part Schematics Acquired . | . . . . Parts Damaged . | . . . . Bothacking | -11 -10 -10 -9 ------------ Run | Yrd Mat Min Mat Used RIF Installer . | . . . . Robots Hacked . | . . . . Non-combat . | . . . . Combat . | . . . . Robot Hacks Applied . | . . . . Relay Couplers Released . | . . . . Fabnet Peak Effective % . | . . . . Robots Rewired . | . . . . Allies Hacked . | . . . . Hacks Repelled . | . . . . Allies | -11 -10 -10 -9 -------- Run | Yrd Mat Min Mat Total Allies . | . . . . Largest Group . | . . . . Highest-Rated Group . | . . . . Highest-Rated Ally . | . . . . Total Orders . | . . . . Ally Attacks . | . . . . Total Damage . | . . . . Kills . | . . . . Allies Corrupted . | . . . . Allies Melted . | . . . . Intel | -11 -10 -10 -9 ------- Run | Yrd Mat Min Mat Active Infowar (turns) . | . . . . Robot Analysis Total . | . . . . Derelict Logs Recovered 1 | . . 1 . Drone Launches . | . . . . Drone Recoveries . | . . . . Exploration | -11 -10 -10 -9 ------------- Run | Yrd Mat Min Mat Turns Passed 514 | 38 222 142 112 Spaces Moved 478 | 32 219 171 56 Core 5 | 5 . . . Treads . | . . . . Legs 13 | . . . 13 Wheels 460 | 27 219 171 43 Hover . | . . . . Flight . | . . . . Fastest Speed 50 | 50 80 80 80 Average Speed 80 | 75 80 80 89 Slowest Speed 120 | 80 80 80 120 Overloaded Moves . | . . . . Propulsion Burnouts . | . . . . Robots Hopped . | . . . . Potential Cave-ins . | . . . . Cave-ins Triggered . | . . . . Exploration Rate (%) 24 | 3 49 38 9 Regions Visited 3 Branch Regions 1 Pre-discovered Areas . | . . . . Known Exits Taken . | . . . . Unknown Exits Taken 3 | 1 1 1 . Scrap Searched . | . . . . Spaces Dug . | . . . . Terrain Destroyed 36 | . . . 36 Melee . | . . . . Projectile . | . . . . AOE 36 | . . . 36 Terrain Rammed . | . . . . Walls Destroyed . | . . . . Machines Disabled . | . . . . Actions | -11 -10 -10 -9 --------- Run | Yrd Mat Min Mat Total 549 | 45 245 175 84 Wait 1 | . . 1 . Move 475 | 31 218 170 56 Hop . | . . . . Pick Up 17 | 9 6 1 1 Fast Attach . | . . . . Attach 16 | 5 5 . 6 Detach . | . . . . Swap 2 | . 1 . 1 Drop 5 | . 4 . 1 Fire 30 | . 11 . 19 Melee . | . . . . Ram 3 | . . 3 . Kick . | . . . . Crush . | . . . . Escape Stasis . | . . . . Rewire . | . . . . Trap . | . . . . Miscellaneous . | . . . . Route ------- -11/Scrapyard -10/Materials -10/Mines -9/Materials History --------- Turn | Location | Event 9 | -11/Scrapyard | Discovered new exit (range 15) 39 | -11/Scrapyard | Entered Materials 232 | -10/Materials | Discovered new exit (range 13) 261 | -10/Materials | Entered Mines 281 | -10/Mines | Received a Rocket Launcher from a helpful Derelict 310 | -10/Mines | Build established: Mutant 343 | -10/Mines | Learned Materials emergency access door positions 355 | -10/Mines | Assembled infested the area 360 | -10/Mines | Assisted by a Guerilla fighting off Assembled 391 | -10/Mines | Discovered new exit (range 15) 403 | -10/Mines | Entered Materials 403 | -9/Materials | Evolved 2 slots: Power x1, Utility x1 489 | -9/Materials | Core integrity fell below 50% 496 | -9/Materials | Core integrity fell below 20% 515 | -9/Materials | Destroyed by Y-45 Defender with Beam Rifle Last Messages --------------- Aluminum Leg. 00508_ U-05 Engineer lays Concrete. 00508_ G-34 Mercenary overheating. 00509_ U-05 Engineer lays Concrete. 00509_ Acquired Lgt. Armor Plating. 00509_ G-34 Mercenary overheating. 00510_ U-05 Engineer lays Concrete. 00510_ G-34 Mercenary overheating. 00511_ U-05 Engineer lays Concrete. 00511_ U-05 Engineer builds a Wall. 00511_ G-34 Mercenary overheating. 00512_ U-05 Engineer lays Concrete. 00512_ G-34 Mercenary overheating. 00512_ M-13 Machinist repairs G-47 Trooper. 00513_ G-34 Mercenary overheating. 00513_ U-05 Engineer builds a Wall. 00514_ G-34 Mercenary heat damages Ion Engine. 00514_ R-06 Scavenger collects Heat Sink. 00514_ G-34 Mercenary overheating. 00514_ U-05 Engineer builds a Wall. Map ----- +----------------------------------------------------+ | ??????????????????????????????????????????? | | ??????????????????????????????????????????? | | ??????????????????????????????????????????? | | ??????????????????????????????????????????? | | ??????????????????????????????????????????? | | ??????????????????????????????????????????? | | ????????????????????????????????????????+?? | | ??????????????????????????????????????????? | | ??????????????????????????????????????????? | | ????????????????????????????????????????+?? | | ??????????????????????????????????????????? | | ??????????????????????????????????????????? | | ??????????????????????????????????????????? | | ??????????????????????????????????????????? | | ??????????????????????????????????????????? | | ??????????????????????????????????????????? | | ??????????????????????????????????????????? | | ??????????????????????????????????????????? | | ??????????????????????????????????????????? | | ??????????????????????????????????????????? | | ??????????????????????????????????????????? | | ??????????????????????????????????????????? | | ???????????????????????#+######???????????? | | ???????????????????????# #???????????? | | ??????????????????????## #???????????? | | ??????????????????????# @ #???????????? | | ??????????????????????##Y #???????????? | | ???????????????????????# !! #???????????? | | ???????????????????????# != #???????????? | | ?????????????????????### ! #???????????? | | ?????????????????????# #???????????? | | ?????????????????????## #???????????? | | ?????????????????????# # " #???????????? | | ?????????????????????### rg #???????????? | | ??????????????????? # #???????????? | | ????????????????# # #???????????? | | ????????????????# """?# ####???????????? | | ????????????????# """ # g #########?????? | | ????????????????# """ # m# #?????? | | ????????????????# ## #?????? | | ?????????????#######/####u u #?????? | | ??????????? % % #?????? | | ??????????? #?????? | | ??????????? #?????? | | ???????????? #######+# #?????? | | ??????????????????? #?????? | | ?????????????????? """ # % #?????? | | ????????????????? ?"" # # ########?????? | | ????????????????# ??"" # #??????????? | | ????????????????#???? # #??????????? | +----------------------------------------------------+ Best States ------------- Heat Dissipation 28 Energy Generation 15 Energy Capacity 400 Matter Stores 287 Matter Capacity 300 Sight Range 16 Terrain Scan Density 10 Armor Coverage 150 Evasion (%) 47 Targeting Accuracy 5 Item Schematics ----------------- None Robot Schematics ------------------ None Fabricated ------------ Nothing Repaired ---------- Nothing Alien Tech Used ----------------- None Achievements -------------- None Challenges ------------ None Game ------ Seed GravmagBraceNeutralizer Manual? 0 Play Time 00:08:26 Cumulative 7.4 hours Start 2025.10.09 @ 16:30:48 End 2025.10.09 @ 16:37:38 Sessions 1 Manual Loads 0 Difficulty Rogue Special Mode None Game No. 10 Rogue 10 Adventurer 0 Explorer 0 Win Type - Total 0 Types 0/0/0/0/0/0/0/0/0/0 Lore% 10 Gallery% 13 Achievement% 13 Wizard Run 0 Options --------- Layout 1 ASCII 0 Keyboard 0 Movement Mouse Keybinds 0 Fullscreen 2 Font 24/Proggy Map View 50x35 Zoom Use 0% Tactical HUD 1 Map Filters NONE Filters NONE Steam 1 RUN: 7e9cd9cc-d380-451d-9469-9c195d7a0c8d